 Dungeon Crawl Stone Soup version bcrawl-1.40.3b (webtiles) character file.

Game seed: 14498548798388906495

454376 petercordia the Grappler (level 11, -1/165 (166) HPs)
             Began as a Troll Necromancer on Feb 10, 2024.
             Was a Believer of Kikubaaqudgha.
             Killed by divine providence
             ... invoked by a meliai
              (11 damage)
             ... on level 11 of the Dungeon.
             The game lasted 00:28:17 (9856 turns).

petercordia the Grappler (Troll Necromancer)        Turns: 9856, Time: 00:28:17

HP:   -1/165 (166)  AC: 29    Str: 18    XL:     11   Next: 97%
MP:   13/13         EV:  1    Int: 12    God:    Kikubaaqudgha [**....]
Gold: 804           SH:  8    Dex: 13    Spells: 6/15 levels left

rFire    + . .     GDR:     47%   - Branches (35.0)
rCold    . . .     SeeInvis +   G - +0 medium shield
rNeg     + + +     Gourm    +   (armour unavailable)
rPois    +         Faith    .   (helmet currently unavailable)
rElec    .         Spirit   .   (cloak currently unavailable)
rCorr    .         Reflect  .   (gloves unavailable)
MR       +....     NoTele   +   (boots unavailable)
Stlth    ++........             (no amulet)
HPRegen  0.77/turn              F - ring of Zevulou Owok {rF+ rN+ MR+ SInv}
MPRegen  0.13/turn              d - +4 ring of protection

@: tree-form
A: giant, almost no armour, fast metabolism 3, gourmand, regeneration 1, AC +9
a: Receive Corpses, Renounce Religion


You were on level 11 of the Dungeon.
You worshipped Kikubaaqudgha.
Kikubaaqudgha was pleased with you.
You were very full.
You were a tree.
You visited 3 branches of the dungeon, and saw 14 of its levels.
You also visited: Volcano.

You collected 804 gold pieces.

Inventory:

Hand Weapons
 a - a +0 dagger of pain
 u - a +1 shortbow of flaming
 A - a +0 spear
 D - a +1 hunting sling
 I - a +2 arbalest of flaming
Missiles
 b - 2107 arrows
 c - 1124 sling bullets
 g - 1322 stones (quivered)
 l - 1346 bolts
 s - 34 large rocks
 O - 271 poisoned tomahawks
Armour
 o - a +2 cloak (melded)
 G - a +0 medium shield (worn)
Jewellery
 d - a +4 ring of protection (right branch)
 x - an uncursed ring of flight
 F - the ring of Zevulou Owok (left branch) {rF+ rN+ MR+ SInv}
   (You found it on level 5 of the Dungeon)

   [ring of see invisible]

   It protects you from fire.
   It protects you from negative energy.
   It affects your resistance to hostile enchantments.
   It lets you see invisible.
 K - the ring of Pasudgho {rElec MP+9 Str+4}
   (You found it on level 6 of the Dungeon)

   [ring of magical power]

   It affects your strength (+4).
   It insulates you from electricity.
   It affects your magic capacity (+9).
 M - a +6 ring of slaying
 N - an uncursed ring of protection from magic
Wands
 v - a wand of acid (9)
 C - a wand of polymorph (24)
 L - a wand of charming (4)
 S - a wand of iceblast (10)
Scrolls
 f - 3 scrolls of noise
 h - a scroll of blinking
 m - 4 scrolls of teleportation
 q - 3 scrolls of fog {unknown}
 r - 3 scrolls of remove curse
 t - a scroll of fear
 y - a scroll of revelation
 E - 6 scrolls of enchant armour
 H - a scroll of torment
 J - 2 scrolls of immolation
Potions
 j - 3 potions of heal wounds
 k - 4 potions of brilliance
 n - 3 potions of lignification
 p - 2 potions of cancellation {unknown}
 w - 4 potions of curing
 z - 3 potions of flight
 B - a potion of invisibility {unknown}
 P - a potion of resistance {unknown}
 Q - a potion of agility {unknown}
Comestibles
 e - 14 rations {!d}
 i - 9 chunks of flesh


   Skills:
 + Level 8.2 Fighting
 - Level 1.5 Dodging
 + Level 2.9 Stealth
 + Level 5.1 Shields
 * Level 13.3 Unarmed Combat
 + Level 2.6 Spellcasting
 + Level 2.2 Charms
 + Level 4.8 Necromancy


You had 6 spell levels left.
You knew the following spells:

 Your Spells              Type           Power        Failure   Level  Hunger
a - Corpse Rot            Necr           N/A          22%         2    ##.....
r - Regeneration          Chrm/Necr      ##........   58%         3    ####...
z - Animate Dead          Necr           N/A          80%         4    #####..

Your spell library contained the following spells:

 Spells                   Type           Power        Failure   Level  Hunger
 Necrotize                Necr           ##....       14%         1    None
 Infusion                 Chrm           #.......     38%         1    None
 Vampiric Draining        Necr           ##........   38%         3    ####...
 Song of Slaying          Chrm           #.......     54%         2    ##.....
 Swiftness                Chrm/Air       #.......     69%         2    ##.....
 Slow                     Hex            #.......     71%         1    None
 Sting                    Conj/Pois      #...         71%         1    None
 Summon Small Mammal      Summ           #...         71%         1    None
 Agony                    Necr           ##......     80%         4    #####..
 Call Imp                 Summ           #.....       85%         2    ##.....
 Ensorcelled Hibernation  Hex/Ice        #.....       85%         2    ##.....
 Poisonous Vapours        Pois/Air       #.....       85%         2    ##.....
 Ozocubu's Armour         Chrm/Ice       #.......     89%         3    ####...
 Spectral Weapon          Hex/Chrm       #.......     89%         3    ####...
 Call Canine Familiar     Summ           #.......     97%         3    ####...
 Confuse                  Hex            #.......     97%         3    ####...
 Dazzling Orbs            Conj/Hex       #......      97%         3    ####...
 Ignite Poison            Fire/Tmut/Pois #.......     97%         3    ####...
 Tukima's Dance           Hex            #.......     97%         3    ####...
 Dispel Undead            Necr           ##......     98%         5    #######
 Cause Fear               Hex            #.........   100%        4    #####..
 Olgreb's Toxic Radiance  Pois           #........    100%        4    #####..
 Summon Ice Beast         Ice/Summ       #.......     100%        4    #####..
 Summon Scorpions         Summ/Pois      #.......     100%        4    #####..
 Summon Lightning Spire   Summ/Air       #.......     100%        5    #######
 Venom Bolt               Conj/Pois      #.........   100%        5    #######


Dungeon Overview and Level Annotations

Branches:
Dungeon (12/12)            Temple (1/1) D:5            Lair (1/6) D:8
    Orc (0/1) D:9
 Vaults: D:11-12     Depths: D:12

Altars:
Ashenzari
Cheibriados
Dithmenos
Elyvilon
Fedhas
Gozag
Hepliaklqana
Kikubaaqudgha
Lugonu
Makhleb
Nemelex Xobeh
Okawaru
Qazlal
Ru
Sif Muna
Trog
Uskayaw
Vehumet
Wu Jian
Xom
Yredelemnul
Zin
The Shining One

Shops:
D:7 (

Annotations:
D:11 Psyche, Snorg
Lair:1 Gastronok, Grum


Innate Abilities, Weirdness & Mutations

You cannot wear most types of armour.
((Your thick skin is tough. (AC +9)))
You are too large for most types of armour.
((You have claws for hands.))
Your metabolism is lightning-fast.
You like to eat raw meat.
Your natural rate of healing is unusually fast.


Message History

The meliai hits you but does no damage. The meliai stings you.
* * * LOW HITPOINT WARNING * * *
You block the meliai's attack.
The meliai stings you but does no damage.
Snorg bites you!!
* * * LOW HITPOINT WARNING * * *
Snorg claws you but does no damage. x2; You block the crimson imp's attack.
The meliai hits you but does no damage.
The meliai stings you but does no damage.
You hit Snorg.
Snorg is almost dead.
You block the meliai's attack.
The meliai stings you but does no damage.
Snorg bites you!
* * * LOW HITPOINT WARNING * * *
Snorg claws you but does no damage. x2
The meliai invokes the aid of its god against you.
Something smites you!
You die...
Kikubaaqudgha rasps: "You have failed me!
Welcome... death!"

......... .........
...#....... .........
#.........# .........
#.......... .#.......
#...@.... . #......#
..###....... ..
.......#........y..##...
......#... #...5Ty......
.........# #♣y...#
.........# ##..##.#..
.........### ##........#
[..........###...#.#...#
...#.#.#.........### ..#
.†..............## # ..
....##....####..##.####.
.........## ##........
.#........# ##.....#...


You could see Snorg (berserk), Psyche, 3 meliai and a crimson imp.

Vanquished Creatures
  Kirke (D:11)
  2 two-headed ogres (D:11)
  An ogre mage (D:11)
  2 centaur warriors
  A cyclops (D:10)
  An ugly thing (D:11)
  2 manticores
  A komodo dragon (D:8)
  A yaktaur (Volcano)
  5 trolls
  A hornet (D:8)
  A harpy skeleton (D:8)
  A hippogriff (D:6)
  Sigmund (D:5)
  2 fire bats (Volcano)
  A hog (D:11)
  3 hungry ghosts
  Edmund (D:5)
  A water moccasin (D:6)
  A crocodile (D:9)
  An acid dragon (D:9)
  A porcupine (D:8)
  3 sky beasts
  A soldier ant (D:11)
  A meliai simulacrum (D:10)
  3 orc warriors
  4 ice beasts
  6 ogres
  2 phantoms
  2 wolves (D:8)
  2 necrophages
  7 bullfrogs
  2 gnoll sergeants
  2 water moccasin zombies
  6 centaurs
  2 scorpions
  2 wyvern skeletons
  5 killer bees (D:6)
  5 wights (D:10)
  6 howler monkeys
  6 orc priests
  6 crimson imps
  5 lava snakes (Volcano)
  A quasit (D:11)
  A hound (D:3)
  A bullfrog skeleton (D:3)
  A gnoll shaman (D:3)
  Natasha (thrice) (D:4)
  Ijyb (D:4)
  4 orc wizards
  6 worker ants
  A killer bee zombie (D:8)
  3 hound zombies
  A hound skeleton (D:5)
  A worker ant zombie (D:7)
  14 gnolls
  6 adders
  A howler monkey skeleton (D:7)
  An ooze (D:2)
  An adder skeleton (D:5)
  An adder zombie (D:5)
  2 worms
  2 dart slugs
  3 leopard geckos
  34 orcs
  A ball python (D:5)
  3 bats (D:1)
  3 giant cockroaches
  6 hobgoblins
  3 jackals
  3 kobolds
  3 quokkas
  3 frilled lizards
  7 goblins
  A quokka zombie (D:5)
  7 rats
  7 fungi (D:6)
  5 plants (D:6)
251 creatures vanquished.

Vanquished Creatures (others)
  4 humans (D:11)
  An orc priest (D:11)
  21 plants (D:8)
  17 toadstools (D:6)
43 creatures vanquished.

Grand Total: 294 creatures vanquished

Notes
Turn   | Place    | Note
-------+----------+-------------------------------------------
     0 | D:1      | petercordia the Troll Necromancer began the quest for the
                  | Orb.
     0 | D:1      | Reached XP level 1. HP: 16/16 MP: 2/2
   413 | D:1      | Reached skill level 1 in Unarmed Combat
   424 | D:1      | Reached XP level 2. HP: 26/26 MP: 3/3
  1103 | D:2      | Reached skill level 1 in Fighting
  1189 | D:2      | Reached skill level 2 in Unarmed Combat
  1425 | D:2      | Reached XP level 3. HP: 33/33 MP: 4/4
  1621 | D:2      | Found a faded altar of an unknown god.
  1628 | D:2      | Prayed at the altar of an unknown god.
  1628 | D:2      | Became a worshipper of the Shining One
  1628 | D:2      | Reached * piety under the Shining One
  1648 | D:2      | Found a burning altar of Makhleb.
  1937 | D:3      | Noticed an ogre
  1941 | D:3      | Reached skill level 3 in Unarmed Combat
  1941 | D:3      | Gained mutation: Your natural rate of healing is unusually
                  | fast. [Troll growth]
  1941 | D:3      | Reached XP level 4. HP: 30/41 MP: 5/5
  1968 | D:3      | Killed an ogre
  1969 | D:3      | Reached XP level 5. HP: 34/49 MP: 2/6
  2025 | D:3      | Reached skill level 4 in Unarmed Combat
  2224 | D:3      | Reached XP level 6. HP: 18/59 MP: 7/7
  2493 | D:3      | Found an iron altar of Okawaru.
  3109 | D:4      | Reached skill level 5 in Unarmed Combat
  3366 | D:4      | Noticed Ijyb
  3376 | D:4      | Killed Ijyb
  3406 | D:4      | Noticed Natasha
  3414 | D:4      | Killed Natasha
  3414 | D:4      | Reached ** piety under the Shining One
  3453 | D:4      | Noticed Natasha
  3459 | D:4      | Killed Natasha
  3460 | D:4      | Reached XP level 7. HP: 67/67 MP: 8/8
  3471 | D:4      | Noticed Natasha
  3478 | D:4      | Reached skill level 6 in Unarmed Combat
  3480 | D:4      | Killed Natasha
  3646 | D:4      | Reached skill level 7 in Unarmed Combat
  3803 | D:5      | Entered Level 5 of the Dungeon
  3827 | D:5      | Found a radiant altar of Vehumet.
  3838 | D:5      | Found a staircase to the Ecumenical Temple.
  3901 | Temple   | Entered the Ecumenical Temple
  4027 | D:5      | Reached XP level 8. HP: 79/79 MP: 9/9
  4081 | D:5      | Reached skill level 8 in Unarmed Combat
  4130 | D:5      | Got a bound steel ring
  4343 | D:5      | Reached *** piety under the Shining One
  4360 | D:5      | Noticed Sigmund
  4371 | D:5      | Killed Sigmund
  4372 | D:5      | Reached skill level 5 in Fighting
  4406 | D:5      | Noticed Edmund
  4414 | D:5      | Killed Edmund
  4415 | D:5      | Reached skill level 9 in Unarmed Combat
  4694 | D:6      | Got a clouded pewter ring
  4825 | D:6      | Reached skill level 1 in Shields
  4836 | D:6      | Reached XP level 9. HP: 70/88 MP: 10/10
  5014 | D:6      | Found an ornate altar of the Wu Jian Council.
  5046 | D:6      | Found a blossoming altar of Fedhas.
  5807 | D:7      | Reached skill level 10 in Unarmed Combat
  5854 | D:7      | Identified the ring of Zevulou Owok {rF+ rN+ MR+ SInv} (You
                  | found it on level 5 of the Dungeon)
  5855 | D:7      | Identified the ring of Pasudgho {rElec MP+9 Str+4} (You
                  | found it on level 6 of the Dungeon)
  5865 | D:7      | Found Joquom's Antique Weapon Boutique.
  5865 | D:7      | Noticed a troll
  6000 | D:6      | Killed a troll
  6303 | D:7      | Found an ancient bone altar of Kikubaaqudgha.
  6327 | D:7      | Reached **** piety under the Shining One
  6525 | D:7      | Fell from the grace of the Shining One
  6525 | D:7      | Became a worshipper of Kikubaaqudgha
  6530 | D:7      | Learned a level 3 spell: Regeneration
  6626 | D:8      | Reached XP level 10. HP: 94/100 MP: 11/11
  6631 | D:8      | Reached skill level 11 in Unarmed Combat
  6978 | D:8      | Found a staircase to the Lair.
  7061 | D:8      | Found a glowing golden altar of the Shining One.
  7462 | D:9      | Found a basalt altar of Yredelemnul.
  7502 | D:9      | Found a bloodstained altar of Trog.
  7502 | D:9      | Found a shimmering altar of Xom.
  7502 | D:9      | Found an iron altar of Okawaru.
  7503 | D:9      | Found a shattered altar of Ashenzari.
  7525 | D:9      | Reached * piety under Kikubaaqudgha
  7525 | D:9      | Identified Kikubaaqudgha's Disquisition on Necromancy
                  | (Kikubaaqudgha gifted it to you on level 9 of the Dungeon)
  7525 | D:9      | Received a gift from Kikubaaqudgha
  7530 | D:9      | Learned a level 2 spell: Corpse Rot
  7633 | D:9      | Found a blossoming altar of Fedhas.
  7633 | D:9      | Found a faded altar of an unknown god.
  7640 | D:9      | Found a corrupted altar of Lugonu.
  7646 | D:9      | Found a faded altar of an unknown god.
  7648 | D:9      | Found a shadowy altar of Dithmenos.
  7763 | D:9      | Found a staircase to the Orcish Mines.
  7945 | D:10     | Entered Level 10 of the Dungeon
  7945 | D:10     | Noticed a cyclops
  8007 | D:10     | Noticed a centaur warrior
  8013 | D:9      | Reached skill level 12 in Unarmed Combat
  8116 | Lair:1   | Entered Level 1 of the Lair of Beasts
  8131 | Lair:1   | Found a dark tunnel.
  8138 | Volcano  | Entered a volcano
  8448 | Volcano  | Found a burning altar of Makhleb.
  8448 | Volcano  | Noticed a centaur warrior
  8461 | Volcano  | Killed a centaur warrior
  8465 | Volcano  | Reached XP level 11. HP: 45/109 MP: 12/12
  8499 | Volcano  | Noticed a red draconian
  8512 | Volcano  | Noticed a daeva
  8512 | Volcano  | Noticed an angel
  8512 | Volcano  | Noticed a daeva
  8603 | Lair:1   | Noticed Gastronok
  8610 | Lair:1   | Noticed Grum
  8756 | D:9      | Killed a centaur warrior
  8961 | D:10     | Reached ** piety under Kikubaaqudgha
  9051 | D:10     | Killed a cyclops
  9434 | D:10     | Learned a level 4 spell: Animate Dead
  9491 | D:11     | Noticed Psyche
  9523 | D:11     | Noticed a purple ugly thing
  9529 | D:11     | Noticed Kirke
  9536 | D:11     | Killed a purple ugly thing
  9557 | D:11     | Killed Kirke
  9558 | D:11     | Reached skill level 13 in Unarmed Combat
  9558 | D:11     | Reached skill level 1 in Charms
  9578 | D:12     | Entered Level 12 of the Dungeon
  9669 | D:11     | Noticed a two-headed ogre
  9679 | D:11     | Killed a two-headed ogre
  9696 | D:11     | Noticed a two-headed ogre
  9705 | D:11     | Killed a two-headed ogre
  9706 | D:11     | Reached skill level 5 in Shields
  9728 | D:11     | Noticed an ogre mage
  9738 | D:11     | Killed an ogre mage
  9837 | D:11     | Noticed Snorg
  9856 | D:11     | Killed from afar by a meliai

Skill      XL: |  1  2  3  4  5  6  7  8  9 10 11 |
---------------+----------------------------------+-----
Unarmed Combat | 1 2 3 4 5 7 9 10 12 13 | 13.3
Fighting       | 1 2 3 4 5 6 7 8 |  8.2
Shields        | 1 3 4 5 |  5.1
Stealth        | 2 |  2.9
Spellcasting   | 2 |  2.6
Charms         | 2 |  2.2
Dodging        | |  1.5
Necromancy     | |  4.8

Action                   |  1- 3 |  4- 6 |  7- 9 | 10-12 || total
-------------------------+-------+-------+-------+-------++-------
Melee: Unarmed           |    95 |    74 |   325 |   391 ||   885
       Punch             |     1 |       |     1 |       ||     2
       Spear             |       |     5 |       |       ||     5
Throw: Stone             |       |       |       |     5 ||     5
Invok: Divine Shield     |       |     1 |     1 |       ||     2
  Use: Scroll            |       |       |     2 |    16 ||    18
       Potion            |       |       |       |     2 ||     2
 Stab: Sleeping          |     4 |       |       |       ||     4
  Eat: Chunk             |    19 |     8 |    27 |    46 ||   100
Armor: Skin              |    26 |     9 |    95 |   236 ||   366
Dodge: Dodged            |    31 |    25 |    70 |    92 ||   218
Block: Medium shield     |       |       |    54 |   210 ||   264
       Other             |       |       |     2 |       ||     2
